 Dungeon Crawl Stone Soup version 0.25-a0-413-g3b4b6a4ccc (webtiles) character file.

Game seed: 8713763906962899243, levelgen mode: deterministic

185 Gargoyl the Skirmisher (level 5, 0/67 HPs)
             Began as a Centaur Abyssal Knight on Jan 14, 2020.
             Was a Believer of Lugonu.
             Slain by a killer bee (6 damage)
             ... on level 4 of the Dungeon.
             The game lasted 00:04:30 (3001 turns).

Gargoyl the Skirmisher (Centaur Abyssal Knight)     Turns: 3001, Time: 00:04:31

Health: 0/67       AC: 12    Str: 16 (19) XL:     5   Next: 37%
Magic:  7/7        EV:  7    Int:  8 (11) God:    Lugonu [**....]
Gold:   230        SH:  0    Dex:  7 (10) Spells: 4/4 levels left

rFire    . . .     SeeInvis .   a - +1 hand axe
rCold    . . .     Gourm    .   (no shield)
rNeg     . . .     Faith    .   b - +1 leather armour
rPois    .         Spirit   .   i - +0 helmet
rElec    .         Reflect  .   e - +0 cloak
rCorr    .         Harm     .   (no gloves)
MR       .....                  d - +0 centaur barding
Stlth    ..........             (no amulet)
HPRegen  0.21/turn              (no ring)
MPRegen  0.10/turn              (no ring)

@: berserking, lethally poisoned (0 -> -21), very quick
A: large, hooves 3, deformed body, speed 2, tough skin 3
a: Depart the Abyss, Bend Space, Renounce Religion


You were on level 4 of the Dungeon.
You worshipped Lugonu.
Lugonu was pleased with you.
You were not hungry.

You visited 1 branch of the dungeon, and saw 4 of its levels.
You visited the Abyss 1 time.

You collected 230 gold pieces.

Inventory:

Hand Weapons
 a - a +1 hand axe (weapon)
Missiles
 s - 3 boomerangs (quivered)
Armour
 b - a +1 leather armour (worn)
 d - a +0 centaur barding (worn)
 e - a +0 cloak (worn)
 i - a +0 helmet (worn)
Scrolls
 f - 4 scrolls of identify
 g - a scroll of enchant weapon {unknown}
 j - 3 scrolls of teleportation {unknown}
 k - a scroll of enchant armour
 l - a scroll of remove curse
 p - a scroll of fog {unknown}
 q - a scroll of immolation
Potions
 h - a potion of berserk rage
 m - 2 potions of flight {unknown}
 n - 2 potions of haste
Comestibles
 c - 4 rations


   Skills:
 + Level 3.6 Fighting
 + Level 3.1 Axes
 * Level 2.3 Armour
 * Level 1.6 Dodging
 * Level 3.0 Invocations


You had 4 spell levels left.
You didn't know any spells.
Your spell library was empty.

Dungeon Overview and Level Annotations

Branches:
Dungeon (4/15)
 Temple: D:4-7

Altars:
Nemelex Xobeh
Qazlal
Wu Jian


Innate Abilities, Weirdness & Mutations

You have hooves in place of feet.
Armour fits poorly on your strangely shaped body.
You cover ground very quickly.
You have extremely tough skin. (AC +3)


Message History

You are lethally poisoned!
The killer bee poisons you! The killer bee stings you.
* * * LOW HITPOINT WARNING * * *
The killer bee stings you but does no damage.
The killer bee closely misses you.
You miss the killer bee.
The killer bee is moderately wounded.
You slash the killer bee!
* * * LOW HITPOINT WARNING * * *
You feel sick. The killer bee stings you!
* * * LOW HITPOINT WARNING * * *
The killer bee stings you but does no damage.
You miss the killer bee. Your kick misses the killer bee.
The killer bee is moderately wounded.
You hit the killer bee.
* * * LOW HITPOINT WARNING * * *
You feel sick.
The killer bee stings you but does no damage. x3
The killer bee stings you.
You die...

... .#. .. #.#
#.. .# #.. #..#
#####oy####....#
.....oyy@y..#
.....Zo###..#
......y ..#
....... ..#
....##. ... ...#
#. .... ... #.
y.... .. #.
......


You could see 4 killer bees, 3 orcs and a water moccasin skeleton.

Vanquished Creatures
  2 orc wizards (D:3)
  4 adders
  4 oozes
  A worm (D:3)
  2 dart slugs
  A leopard gecko (D:3)
  6 orcs
  A ball python (D:2)
  4 bats
  3 giant cockroaches
  6 goblins
  6 hobgoblins
  7 jackals
  9 kobolds
  2 frilled lizards
  12 rats
70 creatures vanquished.

Notes
Turn   | Place    | Note
-------+----------+-------------------------------------------
     0 | Abyss:1  | Gargoyl the Centaur Abyssal Knight began the quest for the
                  | Orb.
     0 | Abyss:1  | Reached XP level 1. HP: 19/19 MP: 2/2
    43 | Abyss:1  | Noticed a smoke demon
    61 | Abyss:1  | Noticed a hell hog
   109 | Abyss:1  | Noticed a small abomination
   110 | Abyss:1  | Noticed an eidolon
   118 | Abyss:1  | Noticed a large abomination
   253 | Abyss:1  | Noticed a small abomination
   276 | Abyss:1  | Noticed a starcursed mass
   329 | Abyss:1  | Noticed a neqoxec
   332 | D:1      | Escaped the Abyss
   639 | D:1      | Reached * piety under Lugonu
   864 | D:1      | Reached XP level 2. HP: 26/26 MP: 3/3
   915 | D:1      | Reached skill level 1 in Dodging
  1120 | D:2      | Reached XP level 3. HP: 31/31 MP: 4/4
  1302 | D:2      | Found an ornate altar of the Wu Jian Council.
  1351 | D:2      | Found a sparkling altar of Nemelex Xobeh.
  1378 | D:2      | Found a faded altar of an unknown god.
  1608 | D:2      | Reached XP level 4. HP: 38/38 MP: 5/5
  1710 | D:2      | Reached ** piety under Lugonu
  2038 | D:3      | Found a stormy altar of Qazlal.
  2274 | D:3      | Reached XP level 5. HP: 32/45 MP: 7/7
  3001 | D:4      | Slain by a killer bee

Levels and vault maps discovered:
D:1:      co_arrival_random_square_maze, layout_basic
D:2:      layout_loops_ring, lemuel_round_altar,
          nemelex_xobeh_ov_fountains_minmay,
          chequers_ecumenical_altar_simple_redux
D:3:      layout_basic, first_ration, serial_rivers,
          chequers_serial_rivers_large_b, chequers_serial_rivers_small_3,
          chequers_serial_rivers_micro_d, chequers_serial_rivers_room_b,
          chequers_serial_rivers_large_a, st_stairs_6,
          nicolae_qazlal_eye_of_the_storm
D:4:      layout_rooms, uniq_menkaure

Skill      XL: |  1  2  3  4  5 |
---------------+----------------+-----
Axes           | 2 3 |  3.1
Dodging        | 1 |  1.6
Armour         | 2 |  2.3
Invocations    | 3 |  3.0
Fighting       | |  3.6

Action                   |  1- 3 |  4- 6 || total
-------------------------+-------+-------++-------
Melee: Hand axe          |    90 |   108 ||   198
       Kick              |    12 |    20 ||    32
Invok: Depart the Abyss  |     1 |       ||     1
  Use: Scroll            |     4 |     1 ||     5
       Potion            |       |     3 ||     3
  Eat: Chunk             |     1 |     4 ||     5
Armor: Leather armour    |    55 |    75 ||   130
Dodge: Dodged            |    37 |    31 ||    68

Table legend:
 A = Non-vault XP
 B = Vault XP
 C = Vault XP percentage of total XP
 D = Non-vault monster count
 E = Vault monster count
 F = Vault count percentage of total count
                 A         B        C        D         E       F
            +---------+---------+-------+---------+---------+-------
      Total |     262 |       3 |   1.1 |      68 |       2 |   2.9
            +---------+---------+-------+---------+---------+-------
        D:1 |      27 |       0 |   0.0 |      13 |       0 |   0.0
        D:2 |      82 |       0 |   0.0 |      25 |       0 |   0.0
        D:3 |     150 |       3 |   2.0 |      29 |       2 |   6.5
        D:4 |       3 |       0 |   0.0 |       1 |       0 |   0.0
            +---------+---------+-------+---------+---------+-------
